 Dungeon Crawl Stone Soup version 0.30-a0-137-gd8773701ce (webtiles) character file.

Game seed: 18032263899363188951

151 freelancePsychic the Magician (level 5, -18/40 HPs)
             Began as a Djinni Transmuter on Sept 24, 2022.
             Was an Initiate of Hepliaklqana.
             Demolished by an ogre
             ... wielding a +0 giant club
              (27 damage)
             ... on level 5 of the Dungeon.
             The game lasted 00:06:00 (4553 turns).

freelancePsychic the Magician (Djinni Transmuter)   Turns: 4553, Time: 00:06:00

Health: -18/40     AC:  2    Str:  9    XL:     5   Next: 59%
Gold:   124        EV: 12    Int: 16    God:    Hepliaklqana [......] SH:  0 Dex: 14

rFire   + . .      SeeInvis .    a - +1 dagger (freeze)
rCold   . . .      Faith    .    (no shield)
rNeg    . . .      Spirit   .    c - +0 robe
rPois   ∞          Reflect  .    (no helmet)
rElec   .          Harm     .    (no cloak)
rCorr   .          Rampage  .    (no gloves)
Will    .....                    (boots unavailable)
Stlth   +.........               (no amulet)
HPRegen 0.13/turn                g - ring of ice
MPRegen 0.00/turn                (no ring)

@: flying
A: sickness immunity, fire resistance 2, cold vulnerability 1, float, innate
caster, HP casting, extra vitality 1
a: Renounce Religion


You were on level 5 of the Dungeon.
You worshipped Hepliaklqana.
Hepliaklqana was noncommittal.
You visited 2 branches of the dungeon, and saw 6 of its levels.

You collected 124 gold pieces.

Inventory:

Hand Weapons
 a - a +1 dagger of freezing (weapon)
Armour
 c - a +0 robe (worn)
Jewellery
 g - a ring of ice (left hand)
Scrolls
 f - 2 scrolls of teleportation {@r4}
 h - a scroll of vulnerability
 p - a scroll of noise
 q - a scroll of enchant weapon
 s - a scroll of enchant armour {unknown}
 t - a scroll of magic mapping {unknown}
Potions
 b - a potion of mutation {unknown}
 d - 2 potions of curing {@q1}
 e - a potion of flight
 i - a potion of attraction {unknown}
 j - 3 potions of might
 k - a potion of berserk rage {unknown}
 l - 2 potions of resistance {unknown}
 n - 3 potions of magic {unknown}
 r - a potion of degeneration {unknown}


   Skills:
 + Level 2.9 Fighting
 - Level 2.1 Dodging
 - Level 3.0 Unarmed Combat
 * Level 3.4 Spellcasting


You couldn't memorise any spells.
You knew the following spells:

 Your Spells              Type           Power      Damage    Failure   Level
a - Sandblast             Erth           26%        2d8       4%          1
b - Wereblood             Tmut           13%        N/A       7%          2
c - Spider Form           Tmut/Pois      13%        N/A       13%         3
d - Ice Form              Ice/Tmut       20%        N/A       41%         4
e - Beastly Appendage     Tmut           26%        N/A       4%          1
f - Ensorcelled Hibernat  Hex/Ice        40%        N/A       7%          2
Your spell library was empty.

Dungeon Overview and Level Annotations

Branches:
Dungeon (5/15)             Temple (1/1) D:4

Altars:
Dithmenos
Elyvilon
Gozag
Hepliaklqana
Nemelex Xobeh
Okawaru
Qazlal
Yredelemnul
Zin

Shops:
D:1 (

Annotations:
D:2 Sigmund


Innate Abilities, Weirdness & Mutations

You are immune to sickness and miasma.
You are immune to poison.
Your flesh is very heat resistant. (rF++)
You are vulnerable to cold. (rC-)
You float through the air rather than walking.
You learn spells naturally, not from books.
Your magical power is your life essence.
You have superior vitality. (+4 MHP)


Message History

The blast of sand hits the ogre.
The ogre is lightly wounded.
The blast of sand hits the ogre!
The ogre is heavily wounded.
The hound barks!
A gnoll comes into view. It is wielding a +0 club.
The blast of sand hits the ogre.
The ogre is severely wounded.
The ogre hits you with a +0 giant club!!
Ouch! That really hurt!
* * * LOW HITPOINT WARNING * * *
Casting: Sandblast (safe; 4% risk of failure)
Confirm with . or Enter, or press ? or * to list all spells.
Aiming: Sandblast (safe; 4% risk of failure)
Press: ? - help, Shift-Dir - straight line, f/p - ogre
Aim: an ogre, wielding a +0 giant club (severely wounded, 91% to hit)
The blast of sand hits the ogre.
The ogre is severely wounded.
* * * LOW HITPOINT WARNING * * *
The hound closely misses you.
A gnoll comes into view. It is wielding a +0 antimagic halberd.
The hound bites you but does no damage. The ogre completely misses you.
Okay, then.
You feel better.
The gnoll shouts!
You hear a shout!
The hound closely misses you. The hound bites you.
* * * LOW HITPOINT WARNING * * *
The ogre barely misses you. The hound attacks as you move away!
The hound bites you.
* * * LOW HITPOINT WARNING * * *
The hound barely misses you. The hound bites you.
* * * LOW HITPOINT WARNING * * *
The gnoll attacks as you move away! The gnoll hits you with a +0 club.
* * * LOW HITPOINT WARNING * * *
A scorpion comes into view.
The hound barely misses you.
The ogre hits you with a +0 giant club!!
Ouch! That really hurt!
You die...

...# ... #..#
.... ## ..$ ....
.###.. .....
s#g.##.#...
#.#........
#g#..#.##.#
#.hO......#
#.#####@........
#.........#.####
#######.###.# #.#
#.# #.###.####
#.......<########
#####.##.........
#.########.## #.#


You could see an ogre, a scorpion, a hound and a gnoll.

Vanquished Creatures
  An iguana (D:4)
  An orc wizard (D:3)
  2 adders
  3 worms
  2 dart slugs
  4 orcs
  3 endoplasms
  5 giant cockroaches
  6 goblins
  9 hobgoblins
  A quokka (D:4)
  6 ball pythons
  2 bats
  3 frilled lizards
  12 kobolds
  5 rats
65 creatures vanquished.

Notes
Turn   | Place    | Note
-------+----------+-------------------------------------------
     0 | D:1      | freelancePsychic the Djinni Transmuter began the quest for
                  | the Orb.
     0 | D:1      | freelancePsychic set off with the following spells
                  | memorised: Beastly Appendage, Wereblood, Spider Form, Ice
                  | Form.
     0 | D:1      | Reached XP level 1. HP: 17/17 MP: 0/0
   589 | D:1      | Reached XP level 2. HP: 9/22 MP: 0/0
  1247 | D:1      | Reached XP level 3. HP: 23/28 MP: 0/0
  1247 | D:1      | Learned a level 1 spell: Sandblast
  1299 | D:1      | Found a faded altar of an unknown god.
  1435 | D:1      | Found Esekuv's Antique Weapon Emporium.
  2097 | D:2      | Noticed Sigmund
  2447 | D:2      | Found an iron altar of Okawaru.
  2918 | D:3      | Reached XP level 4. HP: 33/33 MP: 0/0
  3268 | D:3      | Reached XP level 5. HP: 38/39 MP: 0/0
  3268 | D:3      | Learned a level 2 spell: Ensorcelled Hibernation
  3372 | D:3      | Noticed an ice beast
  3910 | D:4      | Found a sparkling altar of Nemelex Xobeh.
  3992 | D:4      | Found a staircase to the Ecumenical Temple.
  4013 | Temple   | Entered the Ecumenical Temple
  4061 | Temple   | Became a worshipper of Hepliaklqana the Forgotten
  4367 | D:4      | Found a stormy altar of Qazlal.
  4491 | D:5      | Entered Level 5 of the Dungeon
  4541 | D:5      | Noticed an ogre
  4553 | D:5      | Demolished by an ogre

Illustrated notes

Levels and vault maps discovered:
D:1:      dpeg_chamrin_arrival_tetris, layout_basic, basic_ecumenical_altar,
          serial_shops, nicolae_shop_trees, minmay_misc_feat_alley
D:2:      layout_loops_corners, basic_altar, grunt_ministairs_6,
          reono_crystal_passage, uniq_sigmund
D:3:      layout_basic, nicolae_concentric_dashed_squares_wild
D:4:      layout_basic, grunt_qazlal_clouds,
          mainiacjoe_overflow_surrounded_room, mainiacjoe_overflow_24_doors,
          minmay_temple_entry_wispy
D:5:      layout_loops_ring, fedhas_altar_2, gammafunk_ghost_arena,
          kennysheep_potato
Temple:   nicolae_temple_ecumenical_triangle

Skill      XL: |  1  2  3  4 |
---------------+-------------+-----
Spellcasting   | 2 3 |  3.4
Fighting       | 2 |  2.9
Dodging        | |  2.1
Unarmed Combat | |  3.0

Action                   |  1- 3 |  4- 6 || total
-------------------------+-------+-------++-------
Melee: Unarmed           |    75 |       ||    75
       Headbutt          |     9 |       ||     9
       Flail             |     2 |     7 ||     9
 Cast: Beastly Appendage |     7 |       ||     7
       Sandblast         |    27 |    49 ||    76
  Use: Scroll            |     4 |     6 ||    10
       Potion            |       |     4 ||     4
 Stab: Sleeping          |     1 |       ||     1
Armor: Robe              |    16 |     1 ||    17
       Skin              |       |     2 ||     2
Dodge: Dodged            |    58 |    26 ||    84

Table legend: (Time is in decaauts)
 A = Elapsed time spent in this place.
 B = Non-inter-level travel time spent in this place.
 C = Inter-level travel time spent in this place.
 D = Time resting spent in this place.
 E = Time spent auto-exploring this place.
 F = Levels seen in this place.
 G = Mean time per level.
                   A        B        C        D        E       F      G
               +--------+--------+--------+--------+--------+-----+--------+
         Total |   4589 |   4469 |    120 |    354 |   3492 |   6 |  764.8 |
       Dungeon |   4306 |   4191 |    115 |    128 |   3454 |   5 |  861.2 |
        Temple |    282 |    278 |      4 |    226 |     38 |   1 |  282.0 |
               +--------+--------+--------+--------+--------+-----+--------+

Top non-repeatable levels by time:
     D:1: 1999 daAuts
     D:2: 929 daAuts
     D:3: 709 daAuts
     D:4: 605 daAuts
  Temple: 282 daAuts
     D:5: 63 daAuts
